 Dungeon Crawl Stone Soup version 0.21.1-1-g345015f (webtiles) character file.

1177 Ekaitz the Slasher (level 8, 0/61 HPs)
             Began as a Demonspawn Abyssal Knight on July 11, 2018.
             Was an Elder of Lugonu.
             Slain by a wight
             ... wielding a +2 battleaxe
              (5 damage)
             ... on level 7 of the Dungeon.
             The game lasted 00:18:13 (5299 turns).

Ekaitz the Slasher (Demonspawn Abyssal Knight)      Turns: 5299, Time: 00:18:14

Health: 0/61       AC: 12    Str: 15    XL:     8   Next: 18%
Magic:  11/11      EV: 11    Int: 14    God:    Lugonu [****..]
Gold:   435        SH:  0    Dex: 12    Spells: 7/7 levels left

rFire    . . .     SeeInvis .   a - +1 falchion
rCold    . . .     Gourm    .   (no shield)
rNeg     . . .     Faith    .   b - +0 leather armour
rPois    .         Spirit   .   (helmet restricted)
rElec    .         Reflect  .   I - +1 cloak {+Inv}
rCorr    .         Harm     .   (no gloves)
MR       .....                  o - +0 pair of boots
Stlth    +.........             t - amulet of regeneration
HPRegen  0.60/turn              e - +6 ring of protection
MPRegen  0.12/turn              (no ring)

@: heavily drained
A: claws 1, horns 1, powered by death 1
a: Depart the Abyss, Bend Space, Banish, Corrupt, Renounce Religion, Evoke
Invisibility


You were on level 7 of the Dungeon.
You worshipped Lugonu.
Lugonu was greatly pleased with you.
You were not hungry.

You visited 2 branches of the dungeon, and saw 8 of its levels.
You visited the Abyss 1 time.

You collected 435 gold pieces.

Inventory:

Hand Weapons
 a - a +1 falchion (weapon)
 l - a +0 blowgun
 p - the cursed +0 dagger "Ogreslayer" {antimagic, rElec rC+}
   (You found it on level 4 of the Dungeon)

   It reduces the magical energy of the wielder, and disrupts the spells and
   magical abilities of those hit.
   Natural abilities and divine invocations are not affected.
   It protects you from cold.
   It insulates you from electricity.
   It has a curse placed upon it.
 A - a +0 morningstar
 D - a +1 short sword of venom
 J - a +1 mace of protection
 K - a +2 quarterstaff of chaos
Missiles
 d - 56 bolts
 n - 18 poisoned needles
 F - 2 needles of sleeping
Armour
 b - a +0 leather armour (worn)
 f - a scarf of spirit shield
 o - a +0 pair of boots (worn)
 I - a +1 cloak of invisibility (worn)
Magical Staves
 h - an uncursed staff of death
 y - an uncursed staff of conjuration
Jewellery
 e - a +6 ring of protection (left claw)
 t - an amulet of regeneration (around neck)
 H - an uncursed amulet of magic regeneration
Wands
 r - a wand of scattershot (3)
 s - a wand of flame (22)
 v - a wand of disintegration (10)
Scrolls
 g - 3 scrolls of remove curse {unknown}
 i - 3 scrolls of amnesia {unknown}
 k - 8 scrolls of identify
 q - 2 scrolls of immolation {unknown}
 u - a scroll of blinking {unknown}
 w - 6 scrolls of teleportation {unknown}
 x - 2 scrolls of fog {unknown}
 B - a scroll of noise {unknown}
 G - a scroll of acquirement {unknown}
Potions
 j - a potion of lignification {unknown}
 m - a potion of flight {unknown}
 z - a potion of heal wounds {unknown}
 E - a potion of might {unknown}
Comestibles
 c - 10 rations
 C - a chunk of flesh


   Skills:
 + Level 4.5(2.7) Fighting
 + Level 6.3(4.5) Long Blades
 + Level 2.8(1.1) Armour
 + Level 2.6(0.9) Dodging
 + Level 3.1(1.4) Stealth
 * Level 4.9(3.1) Invocations
 * Level 0.2(0.0) Evocations


You had 7 spell levels left.
You didn't know any spells.

Dungeon Overview and Level Annotations

Branches:
Dungeon (7/15)             Temple (1/1) D:6

Altars:
Ashenzari
Cheibriados
Elyvilon
Fedhas
Hepliaklqana
Kikubaaqudgha
Makhleb
Nemelex Xobeh
Okawaru
Qazlal
Ru
Sif Muna
Trog
Vehumet
Wu Jian
Xom
Yredelemnul
Zin
The Shining One

Shops:
D:6 *

Annotations:
D:2 2 transporters
D:5 Arctor's ghost, novice GnSk
D:7 Joseph


Innate Abilities, Weirdness & Mutations

You have sharp fingernails.
You have a pair of small horns on your head.
You regenerate a little health from kills.


Message History

You barely miss the wight.
The wight is moderately damaged.
The wight hits you but does no damage.
You closely miss the wight.
The wight is moderately damaged.
The wight hits you with an enchanted battleaxe!
* * * LOW HITPOINT WARNING * * *
You feel drained.
* * * LOW HITPOINT WARNING * * *
You hit the wight.
The wight is moderately damaged.
The wight hits you but does no damage.
You barely miss the wight.
You headbutt the wight, but do no damage.
The wight is moderately damaged.
The wight closely misses you.
You barely miss the wight.
The wight is moderately damaged.
The wight hits you with an enchanted battleaxe.
You die...

#........#.# ..##
.#.#..#...# ...
>#........###.# #
# #.......#..# .#
#.....z...####.
###..##...).###..
.#....#......###.#
...#.#..#....z##.#
.....#.##.>...K#@#
....##.##.#..#.#z#
.......##.#....).#
....##....#.######
....#..####.#
.###..## #.#
.#...## #.. ...###
#. .###


You could see a wight.

Vanquished Creatures
  A phantom (D:5)
  A bullfrog (D:6)
  A killer bee (D:4)
  A wight (D:7)
  A howler monkey (D:6)
  A crimson imp (D:4)
  3 hounds (D:4)
  Crazy Yiuf (D:7)
  A gnoll shaman (D:4)
  6 orc wizards
  A bullfrog skeleton (D:4)
  An iguana (D:4)
  5 worker ants
  A hound zombie (D:5)
  2 hound skeletons (D:4)
  10 adders
  7 gnolls
  A shadow imp (D:6)
  An ooze (D:3)
  3 worms
  5 dart slugs
  4 leopard geckos
  30 orcs
  3 ball pythons
  14 bats
  A bat zombie (D:6)
  8 giant cockroaches
  5 goblins
  6 hobgoblins
  2 jackals (D:5)
  6 kobolds
  4 quokkas
  4 frilled lizards
  A leopard gecko skeleton (D:6)
  8 rats
  2 rat zombies (D:6)
  A fungus (D:7)
153 creatures vanquished.

Notes
Turn   | Place    | Note
-------+----------+-------------------------------------------
     0 | Abyss:1  | Ekaitz the Demonspawn Abyssal Knight began the quest for the Orb.
     0 | Abyss:1  | Reached XP level 1. HP: 18/18 MP: 2/2
    81 | Abyss:1  | Noticed a hell hog
    84 | D:1      | Escaped the Abyss
   168 | D:1      | Reached * piety under Lugonu
   201 | D:1      | Reached skill level 1 in Dodging
   201 | D:1      | Gained mutation: You have a pair of small horns on your head. [demonic ancestry]
   201 | D:1      | Reached XP level 2. HP: 19/24 MP: 1/3
   459 | D:1      | Reached skill level 2 in Long Blades
   804 | D:2      | Found a basalt altar of Yredelemnul.
   856 | D:2      | Found a transporter.
   885 | D:2      | Found an ornate altar of the Wu Jian Council.
   906 | D:2      | Found a transporter.
   941 | D:2      | Gained mutation: You regenerate a little health from kills. [demonic ancestry]
   941 | D:2      | Reached XP level 3. HP: 20/29 MP: 5/5
  1343 | D:2      | Found a snail-covered altar of Cheibriados.
  1348 | D:2      | Found a glowing golden altar of the Shining One.
  1420 | D:2      | Reached skill level 1 in Stealth
  1732 | D:3      | Reached XP level 4. HP: 36/37 MP: 6/6
  1748 | D:3      | Reached ** piety under Lugonu
  1768 | D:3      | Reached skill level 3 in Long Blades
  1973 | D:3      | Reached XP level 5. HP: 31/42 MP: 5/7
  2408 | D:4      | Reached skill level 4 in Long Blades
  2434 | D:4      | Gained mutation: You have sharp fingernails. [demonic ancestry]
  2434 | D:4      | Reached XP level 6. HP: 41/48 MP: 8/8
  2455 | D:4      | Found a large runed door.
  2455 | D:4      | Found a large runed door.
  2510 | D:4      | Found a large runed door.
  2510 | D:4      | Found a large runed door.
  2558 | D:4      | Reached *** piety under Lugonu
  2613 | D:4      | Found a bloodstained altar of Trog.
  2868 | D:4      | Reached XP level 7. HP: 37/54 MP: 6/9
  2874 | D:4      | Reached skill level 5 in Long Blades
  3102 | D:4      | Got a jewelled dagger
  3104 | D:4      | Identified the cursed +0 dagger "Ogreslayer" {antimagic, rElec rC+} (You found it on level 4 of the Dungeon)
  3232 | D:5      | Entered Level 5 of the Dungeon
  3466 | D:5      | Noticed Arctor's ghost (novice GnSk)
  3730 | D:5      | Found a stormy altar of Qazlal.
  4376 | D:6      | Reached **** piety under Lugonu
  4376 | D:6      | Reached skill level 6 in Long Blades
  4477 | D:6      | Found Zin's Purification Station.
  4483 | D:6      | Reached XP level 8. HP: 61/61 MP: 11/11
  4492 | D:6      | Found a glowing silver altar of Zin.
  4807 | D:6      | Found an iron altar of Okawaru.
  4850 | D:6      | Found an ancient bone altar of Kikubaaqudgha.
  4953 | D:6      | Found a staircase to the Ecumenical Temple.
  4967 | Temple   | Entered the Ecumenical Temple
  5109 | D:7      | Noticed Joseph
  5158 | D:7      | Found a runed door.
  5162 | D:7      | Noticed Crazy Yiuf
  5170 | D:7      | Killed Crazy Yiuf
  5296 | D:7      | HP: 3/61 [wight/enchanted battleaxe (3)]
  5299 | D:7      | Slain by a wight

Skill      XL: |  1  2  3  4  5  6  7 |
---------------+----------------------+-----
Dodging        | 1 2 |  2.6
Long Blades    | 2 3 4 6 |  6.3
Stealth        | 1 2 3 |  3.1
Armour         | 2 |  2.8
Invocations    | 3 4 |  4.9
Fighting       | 4 |  4.5
Evocations     | |  0.2

Action                   |  1- 3 |  4- 6 |  7- 9 || total
-------------------------+-------+-------+-------++-------
Melee: Falchion          |   114 |   226 |   267 ||   607
       Headbutt          |     9 |    49 |    62 ||   120
Invok: Depart the Abyss  |     1 |       |       ||     1
       Bend Space        |       |     3 |       ||     3
  Use: Potion            |       |     1 |     1 ||     2
       Scroll            |       |       |     2 ||     2
 Stab: Sleeping          |     1 |       |     6 ||     7
  Eat: Chunk             |     2 |     5 |     8 ||    15
Armor: Leather armour    |    56 |   116 |   107 ||   279
Dodge: Dodged            |    82 |   155 |   147 ||   384
       Rpst.: Falchion   |    26 |    50 |    42 ||   118
